cohdb
Replays
Latest Replays
All Replays
Popular Replays
Top Player Replays
Match Explorer
How It Works
Community
CoH3 Stats
Reddit
Sign in to upload your games and track your stats! →
Sign in with Steam
Match 40243724
Unlisted
Match 40243724
Overview
Messages
Build Orders
End
Selects Panzerjäger Kommand Battlegroup
Panzergrenadier Squad
Selects Mine Fields
250 Light Carrier
Construct Light Support Kompanie
Panzerjäger Squad
Selects Tank Busters
Fire Support Elements
MG34 Team
le.IG 18 Mechanized Group
Construct Panzerarmee Kommand
2.5-tonne Medical Truck
Selects Defensive Positions
Panzerjäger Squad
Walking Stuka Rocket Launcher
Selects Butterfly Bomb Drop
Selects Crew Shock Tactics
Walking Stuka Rocket Launcher
Panzerjäger Squad
Walking Stuka Rocket Launcher
Panzergrenadier Squad
Flakvierling Half-track
Panzerjäger Squad
MG34 Team
Walking Stuka Rocket Launcher
Panzerjäger Squad
Panzerjäger Squad
Emergency Repair Kits
Rapid Advance
Pak 38 Mechanized Group
wl_kaelthas
Unsafe
光光朱
easy computer
Farseer
JIN
Heavy Weapons Guy
MacheteCL415
0
0
Comments
sign in to comment!
No comments posted yet!